 Dungeon Crawl Stone Soup version 0.30-a0-972-gf3ab3527aa (webtiles) character file.

Game seed: 10423837982733199300

2604 jcs112 the Protected (level 9, -11/78 HPs)
             Began as a Hill Orc Fighter on Mar 24, 2023.
             Was a Follower of Dithmenos.
             Mangled by a troll (13 damage)
             ... on level 8 of the Dungeon on Mar 31, 2023.
             The game lasted 00:42:19 (6883 turns).

jcs112 the Protected (Hill Orc Fighter)             Turns: 6883, Time: 00:42:19

Health: -11/78     AC: 10    Str: 24    XL:     9   Next: 59%
Magic:  15/18      EV: 11    Int:  8    God:    Dithmenos [*.....]
Gold:   415        SH:  0    Dex: 15    Spells: 1/8 levels left

rFire   . . .      SeeInvis .    o - +10 short sword "Pureux" {spect, rF- Str+3 Dex+3}
rCold   . . .      Faith    .    (no shield)
rNeg    . . .      Spirit   .    b - +0 scale mail
rPois   +          Reflect  .    (no helmet)
rElec   .          Rampage  .    m - +1 cloak of the Eternal Void {rPois rC+ Stlth+}
rCorr   .                        (no gloves)
Will    .....                    (no boots)
Stlth   ++                       (no amulet)
HPRegen 0.33/turn                j - ring of magical power
MPRegen 0.16/turn                h - ring of fire

@: slightly contaminated, wreathed by umbra, studying Necromancy
A: no striking features
a: Renounce Religion


You were on level 8 of the Dungeon.
You worshipped Dithmenos.
Dithmenos was aware of your devotion.
You visited 2 branches of the dungeon, and saw 9 of its levels.

You collected 472 gold pieces.
You spent 28 gold pieces at shops.
You donated 29 gold pieces to Zin.

Inventory:

Hand Weapons
 a - a +1 war axe
 o - the +10 short sword "Pureux" (weapon) {spect, rF- Str+3 Dex+3}
   (You found it on level 3 of the Dungeon)

   Str:       It affects your strength (+3).
   Dex:       It affects your dexterity (+3).
   rF:        It makes you vulnerable to fire.
 w - the +4 flail "Luce" {vamp, Will+}
   (You found it on level 4 of the Dungeon)

   Will:      It increases your willpower.
 E - a +2 vampiric rapier
 F - a +3 mace
 G - a +2 battleaxe of freezing
 H - a +1 great sword
Missiles
 M - a throwing net (quivered)
Armour
 b - a +0 scale mail (worn)
 m - the +1 cloak of the Eternal Void (worn) {rPois rC+ Stlth+}
   (You found it on level 2 of the Dungeon)

   rC:        It protects you from cold.
   rPois:     It protects you from poison.
   Stlth:     It makes you more stealthy.
 t - a +2 buckler
 v - a +1 cloak of preservation
Magical Staves
 e - a staff of poison
 i - a staff of earth
 x - a staff of death
Jewellery
 c - a ring of positive energy
 h - a ring of fire (right hand)
 j - a ring of magical power (left hand)
 L - a ring of protection from cold
Scrolls
 l - 2 scrolls of vulnerability
 n - 4 scrolls of teleportation
 q - a scroll of brand weapon
 s - a scroll of torment
 u - a scroll of poison {unknown}
 y - a scroll of immolation {unknown}
 B - 3 scrolls of enchant armour {unknown}
 C - 2 scrolls of fog {unknown}
 D - a scroll of blinking {unknown}
 J - a scroll of fear {unknown}
 K - 2 scrolls of noise {unknown}
 N - a scroll of amnesia {unknown}
Potions
 d - a potion of might
 f - 2 potions of haste
 g - 2 potions of brilliance {unknown}
 k - 2 potions of degeneration {unknown}
 p - a potion of attraction {unknown}
 r - a potion of invisibility {unknown}
 z - 3 potions of flight {unknown}
 A - a potion of curing {unknown}
 I - 2 potions of mutation {unknown}


   Skills:
 + Level 6.8 Fighting
 + Level 6.3 Short Blades
 + Level 4.7 Axes
 + Level 9.1 Armour
 + Level 2.7 Dodging
 + Level 2.0 Stealth
 + Level 4.3 Shields
 + Level 0.2 Spellcasting
 + Level 0.2 Transmutations


You had one spell level left.
You knew the following spells:

 Your Spells              Type           Power      Damage    Failure   Level
a - Kiss of Death         Conj/Necr      0%         2d5       67%         1
b - Beastly Appendage     Tmut           0%         N/A       63%         1
c - Wereblood             Tmut           0%         N/A       77%         2
d - Spider Form           Tmut/Pois      0%         N/A       95%         3

Your spell library contained the following spells:

 Spells                   Type           Power      Damage    Failure   Level
 Cigotuvi's Dreadful Rot  Necr/Pois/Air  0%         N/A       80%         2
 Poisonous Vapours        Pois/Air       0%         N/A       80%         2
 Confusing Touch          Hex            0%         N/A       95%         3
 Mephitic Cloud           Conj/Pois/Air  0%         N/A       95%         3
 Dispel Undead            Necr           0%         3d6       100%        4


Dungeon Overview and Level Annotations

Branches:
Dungeon (8/15)             Temple (1/1) D:5
   Lair: D:8-11

Altars:
Ashenzari
Cheibriados
Dithmenos
Elyvilon
Fedhas
Gozag
Hepliaklqana
Kikubaaqudgha
Makhleb
Nemelex Xobeh
Okawaru
Qazlal
Ru
Sif Muna
Trog
Uskayaw
Vehumet
Wu Jian
Yredelemnul
Zin
The Shining One

Shops:
D:3 ?


Message History

The troll is lightly wounded.
Your +10 short sword "Pureux" {spect, rF- Str+3 Dex+3} hits the troll.
The steam dragon breathes steam at you. The ball of steam hits you.
The troll bites you. The troll claws you but does no damage.
The troll claws you.
You hear a howl!
You hear a bark!
You hit the troll.
The troll is moderately wounded.
Your +10 short sword "Pureux" {spect, rF- Str+3 Dex+3} closely misses the troll.
You are engulfed in a cloud of scalding steam.
The wolf misses your +10 short sword "Pureux" {spect, rF- Str+3 Dex+3}.
You hit the troll.
The troll is moderately wounded.
Your +10 short sword "Pureux" {spect, rF- Str+3 Dex+3} hits the troll but does no damage.
You are engulfed in a cloud of scalding steam.
* * * LOW HITPOINT WARNING * * *
The troll is engulfed in a cloud of scalding steam.
The troll bites your +10 short sword "Pureux" {spect, rF- Str+3 Dex+3}.
Your spectral weapon shares its damage with you!
* * * LOW HITPOINT WARNING * * *
The troll claws your +10 short sword "Pureux" {spect, rF- Str+3 Dex+3}!
Your spectral weapon shares its damage with you!
* * * LOW HITPOINT WARNING * * *
The troll barely misses your +10 short sword "Pureux" {spect, rF- Str+3 Dex+3}.
The wolf pauses to sniff the ground.
The wolf bites you but does no damage.
Cast which spell? (? or * to list)
The spell is quite dangerous to miscast (95% risk of failure)!
Continue anyway?
You miscast Spider Form.
You are very lightly contaminated with residual magic.
Your body is flooded with distortional energies.
You are lightly contaminated with residual magic.
You are engulfed in a cloud of scalding steam.
* * * LOW HITPOINT WARNING * * *
The wolf bites you.
* * * LOW HITPOINT WARNING * * *
The steam dragon bites you.
* * * LOW HITPOINT WARNING * * *
The steam dragon barely misses you. The troll bites you!
You die...

...... .~..?......
.?..##....>. ~~........#
....##.####. ~≈~.......#
....##+#####
≈≈≈~......##............
≈≈~~.....§..............
......§§.§..# #........?
~~~..§§D§§..###.........
≈....§T@§.......########
≈~≈~.§h..###....##...#
≈~~...§§.# #....##...###
≈~...§..§# #............
.~....§§.######.########
.........##.............
#.###+#####.###.########
#. #.# #.###### # #.#
#......# #


You could see a troll, a steam dragon (catching breath) and a wolf.

Vanquished Creatures
  Maggie (D:6)
  Sigmund (D:5)
  Eustachio (D:6)
  A black bear (D:4)
  An orc warrior (D:7)
  A sky beast (D:6)
  4 ogres (D:5)
  2 centaurs
  2 bullfrogs
  A kobold brigand (D:8)
  4 scorpions
  4 wights (D:6)
  A killer bee (D:5)
  2 howler monkeys (D:6)
  A jelly (D:6)
  A gnoll bouda (D:6)
  2 hounds
  2 sleepcaps (D:4)
  3 iguanas
  2 orc wizards
  Robin (D:2)
  8 gnolls
  4 adders
  A shadow imp (D:6)
  An ufetubus (D:4)
  2 dart slugs
  12 orcs
  8 bats
  3 endoplasms
  4 giant cockroaches
  10 goblins
  10 hobgoblins
  3 jackals (D:1)
  9 kobolds
  3 quokkas
  A ball python (D:3)
  2 frilled lizards
  2 rats
121 creatures vanquished.

Notes
Turn   | Place    | Note
-------+----------+-------------------------------------------
     0 | D:1      | jcs112 the Hill Orc Fighter began the quest for the Orb.
     0 | D:1      | Reached XP level 1. HP: 19/19 MP: 1/1
   271 | D:1      | Reached XP level 2. HP: 27/27 MP: 2/2
   807 | D:2      | Identified the +1 cloak of the Eternal Void {rPois rC+
                  | Stlth+}
   877 | D:2      | Reached XP level 3. HP: 32/33 MP: 3/3
  1091 | D:2      | Learned a level 1 spell: Kiss of Death
  1418 | D:2      | Noticed Robin
  1421 | D:2      | Reached skill level 4 in Armour
  1441 | D:2      | Killed Robin
  1442 | D:2      | Reached XP level 4. HP: 14/40 MP: 4/4
  1780 | D:3      | Identified the +10 short sword "Pureux" {spect, rF- Str+3
                  | Dex+3}
  1832 | D:3      | Upgraded the game from 0.30-a0-937-ga0a21ad780 to
                  | 0.30-a0-972-gf3ab3527aa
  1850 | D:3      | Learned a level 1 spell: Beastly Appendage
  1867 | D:3      | Found Nidaliq's Magic Scroll Emporium.
  1878 | D:3      | Bought a scroll of identify for 28 gold pieces
  1891 | D:3      | Found a radiant altar of Vehumet.
  1938 | D:3      | Identified the +0 scale mail of the Yeti {Harm Regen+ Int+4
                  | Dex+3}
  2684 | D:4      | Reached XP level 5. HP: 43/47 MP: 5/5
  3016 | D:4      | Reached skill level 1 in Short Blades
  3016 | D:4      | Reached XP level 6. HP: 51/53 MP: 6/6
  3053 | D:4      | Noticed a black bear
  3064 | D:4      | Killed a black bear
  3065 | D:4      | Reached skill level 5 in Armour
  3065 | D:4      | Reached skill level 1 in Dodging
  3316 | D:4      | Identified the +4 flail "Luce" {vamp, Will+}
  3499 | D:5      | Entered Level 5 of the Dungeon
  3561 | D:5      | Reached XP level 7. HP: 44/60 MP: 7/7
  3640 | D:5      | Reached skill level 5 in Fighting
  3785 | D:5      | Reached skill level 6 in Armour
  3808 | D:5      | Reached skill level 1 in Stealth
  4026 | D:5      | Learned a level 2 spell: Wereblood
  4053 | D:5      | Reached XP level 8. HP: 65/69 MP: 8/8
  4070 | D:5      | Found a staircase to the Ecumenical Temple.
  4092 | Temple   | Entered the Ecumenical Temple
  4521 | Temple   | Became a worshipper of Dithmenos the Shadowed
  4653 | Temple   | Fell from the grace of Dithmenos
  4653 | Temple   | Became a worshipper of Zin the Law-Giver
  4653 | Temple   | Reached * piety under Zin
  4736 | Temple   | Fell from the grace of Zin
  4736 | Temple   | Became a worshipper of Dithmenos the Shadowed
  4968 | D:5      | Noticed Sigmund
  4975 | D:5      | Killed Sigmund
  4976 | D:5      | Reached skill level 7 in Armour
  5306 | D:5      | You fall into a shaft and drop 2 floors!
  5412 | D:6      | Noticed Eustachio
  5415 | D:6      | Reached skill level 8 in Armour
  5422 | D:6      | Killed Eustachio
  5423 | D:6      | Reached XP level 9. HP: 39/78 MP: 9/9
  5433 | D:6      | Reached skill level 5 in Short Blades
  5450 | D:6      | Noticed Maggie
  5466 | D:6      | Killed Maggie
  5874 | D:6      | Reached * piety under Dithmenos
  6075 | D:7      | Learned a level 3 spell: Spider Form
  6384 | D:7      | Reached skill level 9 in Armour
  6874 | D:8      | Noticed a troll
  6883 | D:8      | HP: 2/78 [steam dragon (5)]
  6883 | D:8      | Mangled by a troll

Illustrated notes

Levels and vault maps discovered:
D:1:      beargit_arrival_greenhouse, layout_basic, minmay_octomino_c4
D:2:      layout_basic, minmay_strange_pillars, feat_on_display, uniq_robin
D:3:      layout_basic, nicolae_vehumet_altar_sigil, serial_shops,
          nicolae_square_shop, kennysheep_generic_room_3
D:4:      layout_loops_ring
D:5:      layout_loops_ring, temple_fountains, portal_sewer_entry_e,
          minmay_manual_maat, uniq_sigmund
D:6:      layout_rooms, uniq_maggie, uniq_eustachio
D:7:      layout_loops_corners, uniq_prince_ribbit1
D:8:      layout_basic, doesnt_xom_only_xom, erik_lair_island,
          gammafunk_ghost_hydra_chop
Temple:   mainiacjoe_temple_cubbyholes

Skill      XL: |  1  2  3  4  5  6  7  8  9 |
---------------+----------------------------+-----
Axes           | 3 4 |  4.7
Fighting       | 4 5 6 |  6.8
Armour         | 4 5 6 8 9 |  9.1
Shields        | 4 |  4.3
Short Blades   | 1 2 3 4 6 |  6.3
Dodging        | 1 2 |  2.7
Stealth        | 1 2 |  2.0
Spellcasting   | |  0.2
Transmutations | |  0.2

Action                     |  1- 3 |  4- 6 |  7- 9 || total
---------------------------+-------+-------+-------++-------
  Melee: War axe           |    79 |       |       ||    79
         Short sword       |       |    84 |   142 ||   226
         Punch             |       |       |     2 ||     2
   Cast: Beastly Appendage |       |     1 |       ||     1
         Wereblood         |       |       |     1 ||     1
    Use: Scroll            |     2 |     5 |       ||     7
   Stab: Distracted        |       |     1 |     1 ||     2
         Sleeping          |       |       |     1 ||     1
 Armour: Scale mail        |    69 |    35 |    66 ||   170
  Dodge: Dodged            |    50 |    42 |    95 ||   187
  Block: Buckler           |    26 |    12 |       ||    38

Table legend: (Time is in decaauts)
 A = Elapsed time spent in this place.
 B = Non-inter-level travel time spent in this place.
 C = Inter-level travel time spent in this place.
 D = Time resting spent in this place.
 E = Time spent auto-exploring this place.
 F = Levels seen in this place.
 G = Mean time per level.
                   A        B        C        D        E       F      G
               +--------+--------+--------+--------+--------+-----+--------+
         Total |   6889 |   6889 |      0 |    986 |      0 |   9 |  765.4 |
       Dungeon |   6184 |   6184 |      0 |    986 |      0 |   8 |  773.0 |
        Temple |    704 |    704 |      0 |      0 |      0 |   1 |  704.0 |
               +--------+--------+--------+--------+--------+-----+--------+

Top non-repeatable levels by time:
     D:5: 1107 daAuts
     D:2: 988 daAuts
     D:3: 883 daAuts
     D:4: 836 daAuts
     D:1: 819 daAuts
  Temple: 704 daAuts
     D:6: 626 daAuts
     D:7: 604 daAuts
     D:8: 319 daAuts
